AoeStats
← pompoko

Arabia

505720449Analyzed
1v1 RM · 21d ago on Sep 10, 2026· 39m 40s· 2 players
Game mode
Random Map
Map size
Tiny (2 player)
Population
200
Speed
Normal
Resources
Standard
Victory
Conquest
Starting age
Dark Age
Ending age
Imperial Age
RankedLock teamsTeams togetherTeam positionsShared explorationLock speedFull tech treeHidden civsTurbo modeCheats
Victory
Defeat
🇺🇸 Wei · United States
1105
+17
🇦🇷 Italians · Argentina
1123
-17
GrandNedgus
7:42 Loom
10:00 Feudal Age
10:33 Gold Mining
10:30 Double-Bit Axe
10:30 Horse Collar
11:00 Stone Mining
18:05 Castle Age
19:31 Fletching
20:46 Gold Shaft Mining
22:08 Bow Saw
22:25 Scale Barding Armor
22:31 Forging
23:57 Stone Shaft Mining
23:59 Wheelbarrow
28:51 Hand Cart
33:16 Imperial Age
32:54 Scale Barding Armor
34:07 Forging
34:35 Heavy Plow
34:57 Chain Barding Armor
35:31 Conscription
37:40 Iron Casting
38:17 Bloodlines
38:07 Husbandry
pompoko
2:55 Loom
9:10 Feudal Age
10:02 Double-Bit Axe
14:28 Fletching
18:03 Town Watch
20:53 Castle Age
19:06 Gold Mining
20:05 Horse Collar
20:38 Padded Archer Armor
20:56 Crossbowman
21:33 Bodkin Arrow
23:44 Ballistics
23:38 Bow Saw
24:04 Leather Archer Armor
26:10 Bloodlines
29:29 Wheelbarrow
30:04 Scale Barding Armor
35:57 Imperial Age
34:21 Husbandry
35:55 Hand Cart
36:01 Arbalester
36:42 Bracer
38:42 Thumb Ring
Connection lost

Rejoining the realm…

Still unreachable

The connection could not be restored.

Session expired

The server has moved on; the page needs a fresh start.